 Dungeon Crawl Stone Soup version 0.28-a0-793-g31680bbd8b (webtiles) character file.

Game seed: 5379261277099041891

76 croobank the Magician (level 4, 0/24 HPs)
             Began as a Deep Elf Hedge Wizard on Nov 4, 2021.
             Killed by divine providence
             ... invoked by an orc priest
              (9 damage)
             ... on level 3 of the Dungeon.
             The game lasted 00:33:59 (2648 turns).

croobank the Magician (Deep Elf Hedge Wizard)       Turns: 2648, Time: 00:33:59

Health: 0/24       AC:  3    Str:  8    XL:     4   Next: 12%
Magic:  11/14      EV: 12    Int: 19    God:
Gold:   58         SH:  0    Dex: 14    Spells: 9/15 levels left

rFire   + . .      SeeInvis .   a - +0 dagger
rCold   . . .      Faith    .   (no shield)
rNeg    . . .      Spirit   .   b - +0 robe
rPois   .          Reflect  .   c - +0 hat
rElec   .          Harm     .   (no cloak)
rCorr   .          Rampage  .   i - +0 pair of gloves
Will    .....                   (no boots)
Stlth   ++........              (no amulet)
HPRegen 0.08/turn               k - ring of protection from fire
MPRegen 0.14/turn               (no ring)

@: no status effects
A: no striking features
a: no special abilities


You were on level 3 of the Dungeon.
You visited 1 branch of the dungeon, and saw 3 of its levels.

You collected 102 gold pieces.
You spent 44 gold pieces at shops.

Inventory:

Hand Weapons
 a - a +0 dagger (weapon)
 e - a +0 rapier
 f - a +1 mace of draining
Missiles
 g - 105 stones
 l - 6 boomerangs
Armour
 b - a +0 robe (worn)
 c - a +0 hat (worn)
 i - a +0 pair of gloves (worn)
Jewellery
 k - a ring of protection from fire (left hand)
Scrolls
 m - a scroll of brand weapon {unknown}
 n - 5 scrolls of identify
Potions
 d - a potion of flight {unknown}
 h - a potion of lignification {unknown}
 j - 2 potions of invisibility {unknown}
 o - a potion of resistance {unknown}


   Skills:
 + Level 0.1 Fighting
 + Level 2.7 Dodging
 + Level 2.9 Stealth
 + Level 6.2 Spellcasting
 + Level 1.8 Conjurations
 + Level 1.1 Summonings
 + Level 1.1 Translocations


You had 9 spell levels left.
You knew the following spells:

 Your Spells              Type           Power      Damage    Failure   Level
a - Magic Dart            Conj           48%        1d5       5%          1
b - Slow                  Hex            20%        N/A       11%         1
c - Pain                  Necr           20%        1d5       11%         1
d - Blink                 Tloc           20%        N/A       11%         2
e - Animate Skeleton      Necr           10%        N/A       11%         1

Your spell library contained the following spells:

 Spells                   Type           Power      Damage    Failure   Level
 Sting                    Tmut/Pois      20%        1d4       11%         1
 Call Imp                 Summ           10%        N/A       11%         2
 Poisonous Vapours        Pois/Air       10%        N/A       17%         2
 Conjure Flame            Conj/Fire      9%         6-21      22%         3
 Mephitic Cloud           Conj/Pois/Air  8%         N/A       26%         3
 Portal Projectile        Hex/Tloc       14%        N/A       26%         3
 Vampiric Draining        Necr           5%         2d6       32%         3
 Olgreb's Toxic Radiance  Pois           5%         N/A       73%         4
 Blade Hands              Tmut           2%         N/A       97%         5
 Excruciating Wounds      Necr           2%         N/A       97%         5


Dungeon Overview and Level Annotations

Branches:
Dungeon (3/15)

Altars:

Shops:
D:2 *   D:3 ?:


Message History

You start memorising the spell.
You continue memorising.
You finish memorising.
Spell assigned to 'e'.
Aiming: Magic Dart (safe; 5% risk of failure)
Press: ? - help, Q - select action, (/) - cycle Shift-Dir - straight line, f/p - orc priest
Aim: an orc priest, wielding a +0 whip and wearing a +0 leather armour (moderately wounded, 100% to hit)
The magic dart hits the orc priest but does no damage.
The orc priest is moderately wounded.
The orc shouts!
The orc priest barely misses you.
Aiming: Pain (safe; 11% risk of failure)
Press: ? - help, Q - select action, (/) - cycle Shift-Dir - straight line, f/p - orc priest
Aim: an orc priest, wielding a +0 whip and wearing a +0 leather armour (moderately wounded, chance to affect: 48%)
The orc priest resists with some effort.
The orc priest hits you with a +0 whip.
Aiming: Pain (safe; 11% risk of failure)
Press: ? - help, Q - select action, (/) - cycle Shift-Dir - straight line, f/p - orc priest
Aim: an orc priest, wielding a +0 whip and wearing a +0 leather armour (moderately wounded, chance to affect: 48%)
The orc priest resists with some effort.
The orc priest misses you.
An orc comes into view. It is wielding a +0 whip.
Memorise Sting, consuming 1 spell level and leaving 8?
Okay, then.
A quokka comes into view.
Aiming: Pain (safe; 11% risk of failure)
Press: ? - help, Q - select action, (/) - cycle Shift-Dir - straight line, f/p - orc priest
Aim: an orc priest, wielding a +0 whip and wearing a +0 leather armour (moderately wounded, chance to affect: 48%)
The orc priest writhes in agony.
The orc priest hits you with a +0 whip.
* * * LOW HITPOINT WARNING * * *
Casting: Pain (safe; 11% risk of failure)
Confirm with . or Enter, or press ? or * to list all spells.
You blink.
You feel stable enough to blink again.
Found a brown potion.
Found a rapier.
You see here a brown potion.
j - 2 brown potions (gained 1)
The orc priest calls down the wrath of Beogh upon you.
Beogh smites you!
You die...

#.......# #...#.#
#.......## ##.#.o.###
#........###....#r...
####r.o.......#....##
####..##........#..#
#.....# #####.....##
....##.## ##....##
######.###### ##....##
#....@..<..# #......
#....).....#####.....≈
#.............†.)...≈.
...............###>.§≈..
##...............#§.≈§.∩
######.#######......§..
#.# #.......≈. #.#
###†#....≈ #.##..§.


You could see an orc priest and a quokka.

Vanquished Creatures
  An adder (D:2)
  A dart slug (D:2)
  6 ball pythons
  5 endoplasms
  6 giant cockroaches
  6 goblins
  6 hobgoblins
  10 jackals
  A quokka (D:1)
  2 bats
  3 frilled lizards
  5 kobolds
  2 rats (D:2)
54 creatures vanquished.

Notes
Turn   | Place    | Note
-------+----------+-------------------------------------------
     0 | D:1      | croobank the Deep Elf Hedge Wizard began the quest for the
                  | Orb.
     0 | D:1      | Reached XP level 1. HP: 10/10 MP: 7/7
   178 | D:1      | Reached skill level 5 in Spellcasting
   181 | D:1      | Reached XP level 2. HP: 5/15 MP: 1/10
   887 | D:1      | Found a faded altar of an unknown god.
  1058 | D:1      | Reached XP level 3. HP: 19/19 MP: 8/12
  1554 | D:2      | Found Bucar's Assorted Antiques.
  1836 | D:2      | Learned a level 1 spell: Slow
  1897 | D:2      | Reached skill level 6 in Spellcasting
  2350 | D:3      | Reached XP level 4. HP: 24/24 MP: 10/14
  2529 | D:3      | Found Amedweys's Magic Scroll Boutique.
  2539 | D:3      | Found Duffe's Book Boutique.
  2550 | D:3      | Bought a scroll of identify for 22 gold pieces
  2550 | D:3      | Bought a scroll of identify for 22 gold pieces
  2617 | D:3      | Learned a level 1 spell: Pain
  2620 | D:3      | Learned a level 2 spell: Blink
  2622 | D:3      | Learned a level 1 spell: Animate Skeleton
  2648 | D:3      | Killed from afar by an orc priest

Illustrated notes

Levels and vault maps discovered:
D:1:      ncdulo_watergridlock, layout_rooms,
          shapermc_ecumenical_altar_notcrosses
D:2:      layout_rooms, serial_shops,
          nicolae_shop_temple_entry_statues_fountains
D:3:      layout_rooms, serial_shops, shop, nicolae_shop_stone,
          nicolae_diamond_shop, minmay_misc_feat_pillars

Skill      XL: |  1  2  3 |
---------------+----------+-----
Spellcasting   | 5 6 |  6.2
Fighting       | |  0.1
Dodging        | |  2.7
Stealth        | |  2.9
Conjurations   | |  1.8
Summonings     | |  1.1
Translocations | |  1.1

Action                   |  1- 3 |  4- 6 || total
-------------------------+-------+-------++-------
Melee: Dagger            |    27 |    15 ||    42
 Cast: Magic Dart        |   124 |    15 ||   139
       Pain              |       |     3 ||     3
       Blink             |       |     1 ||     1
  Use: Scroll            |     2 |       ||     2
Armor: Robe              |     4 |     5 ||     9
Dodge: Dodged            |    44 |    26 ||    70

Table legend: (Time is in decaauts)
 A = Elapsed time spent in this place.
 B = Non-inter-level travel time spent in this place.
 C = Inter-level travel time spent in this place.
 D = Time resting spent in this place.
 E = Time spent auto-exploring this place.
 F = Levels seen in this place.
 G = Mean time per level.
                   A        B        C        D        E       F      G
               +--------+--------+--------+--------+--------+-----+--------+
         Total |   2647 |   2593 |     54 |    652 |   1465 |   3 |  882.3 |
       Dungeon |   2647 |   2593 |     54 |    652 |   1465 |   3 |  882.3 |
               +--------+--------+--------+--------+--------+-----+--------+

Top non-repeatable levels by time:
     D:1: 1219 daAuts
     D:2: 1118 daAuts
     D:3: 309 daAuts
